 Dungeon Crawl Stone Soup version 0.30-b1-2-g02819fbbbe (webtiles) character file.

Game seed: 14921629594964952111

230 redmage the Digger (level 6, -7/45 HPs)
             Began as a Meteoran Earth Elementalist on Aug 9, 2023.
             Mangled by a yak (11 damage)
             ... on level 7 of the Dungeon.
             The game lasted 00:09:26 (673 turns).

redmage the Digger (Meteoran Earth Elementalist)     Turns: 673, Time: 00:09:27

Health: -7/45      AC:  2    Str: 10    XL:     6   Next: 49%
Magic:  7/11       EV: 12    Int: 19    God:
Gold:   44         SH:  0    Dex: 14    Spells: 5/11 levels left

rFire   . . .        d - +4 dagger (drain)
rCold   . . .        (no shield)
rNeg    . . .        a - +0 robe
rPois   .            (no helmet)
rElec   .            (no cloak)
rCorr   .            (no gloves)
SInv    .            (no boots)
Will    .....        (no amulet)
Stlth   +            (no ring)
HPRegen 0.27/turn    (no ring)
MPRegen 0.12/turn

%: no passive effects
@: glowing
A: sense surroundings 1, otherworldly, glowing, explore regen
a: no special abilities


You were on level 7 of the Dungeon.
You visited 2 branches of the dungeon, and saw 9 of its levels.

You collected 44 gold pieces.

Inventory:

Hand Weapons
 d - a +4 dagger of draining (weapon)
 f - a +0 dagger of venom
Armour
 a - a +0 robe (worn)
Scrolls
 c - 2 scrolls of immolation {unknown}
 e - 3 scrolls of identify
 g - a scroll of magic mapping {unknown}
 h - a scroll of fog {unknown}
 i - a scroll of poison {unknown}
 j - a scroll of enchant weapon {unknown}
Potions
 b - a potion of magic
 k - a potion of berserk rage {unknown}
 l - a potion of cancellation {unknown}


   Skills:
 - Level 2.4 Dodging
 - Level 1.4 Stealth
 - Level 3.0 Spellcasting
 * Level 3.1 Conjurations
 - Level 1.2 Transmutations
 + Level 6.9 Earth Magic


You had 5 spell levels left.
You knew the following spells:

 Your Spells              Type           Power      Damage    Failure   Level
a - Sandblast             Erth           58%        2d13      1%          1
b - Passwall              Tmut/Erth      15%        N/A       4%          2
c - Stone Arrow           Conj/Erth      44%        3d9       6%          3

Your spell library contained the following spells:

 Spells                   Type           Power      Damage    Failure   Level
 Petrify                  Tmut/Erth      18%        N/A       28%         4
 Vhi's Electric Charge    Tloc/Air       4%         N/A       41%         3
 Arcjolt                  Conj/Air       4%         1d14      92%         5
 Maxwell's Capacitive Co  Air            1%         ∞         100%        8


Dungeon Overview and Level Annotations

Branches:
Dungeon (8/15) Zot: 4221   Temple (1/1) D:4 Zot: 506
   Lair: D:8-11

Altars:
Ashenzari
Dithmenos
Elyvilon
Fedhas
Gozag
Hepliaklqana
Nemelex Xobeh
Trog
Uskayaw
Vehumet
Wu Jian
Xom
Zin
The Shining One


Innate Abilities, Weirdness & Mutations

You passively map a small area around you.
You are easily found by Zot.
You glow in the dark.
You regain HP and MP as you explore.


Message History

Found a ring mail.
There is a stone staircase leading down here.
You climb downwards.
Found a blue potion.
Found a stone staircase leading down.
There is a stone staircase leading up here.
l - a blue potion
There is a stone staircase leading down here.
You climb downwards.
The yak bellows! x6
There is a stone staircase leading up here.
Unknown command.
The yak closely misses you. The yak gores you!
You climb upwards.
There is a stone staircase leading down here.
The yak attacks as you move away! The yak gores you!
The yak attacks as you move away! The yak misses you.
The yak attacks as you move away! The yak gores you!
Casting: Stone Arrow (dangerous; 6% risk of failure)
Confirm with . or Enter, or press ? or * to list all spells.
Okay, then.
Casting: Stone Arrow (dangerous; 6% risk of failure)
Confirm with . or Enter, or press ? or * to list all spells.
Aiming: Passwall (safe; 4% risk of failure)
Press: ? - help, Dir - move target A rock wall.
This rock feels extremely deep.
The yak gores you!
* * * LOW HITPOINT WARNING * * *
The yak gores you.
* * * LOW HITPOINT WARNING * * *
Unknown command.
Unknown command.
Unknown command.
Unknown command.
Casting: Passwall (safe; 4% risk of failure)
Confirm with . or Enter, or press ? or * to list all spells.
Aiming: Passwall (safe; 4% risk of failure)
Press: ? - help, Dir - move target A rock wall.
This rock feels extremely deep.
The yak gores you!
You die...

* ##* *
##.#### *
*#####.....###
,
.......>...##
##..........#
*, ,
#..........# ,
,,
#.........Y# *
,
#........Y@#*
, #....<.....#
,
**###........#
** ,
###......#
,,*###....# ,
....##* * *
....... ,
.###..... * ,
###..


You could see 2 yaks.

Vanquished Creatures
  An ice beast (D:5)
  A howler monkey (D:3)
  An iguana (D:5)
  An orc wizard (D:5)
  3 adders
  A dart slug (D:4)
  4 orcs (D:5)
  A ball python (D:3)
  An endoplasm (D:4)
  A giant cockroach (D:1)
  A goblin (D:4)
  A hobgoblin (D:1)
  4 kobolds
  2 quokkas
23 creatures vanquished.

Notes
Turn   | Place    | Note
-------+----------+-------------------------------------------
     0 | D:1      | redmage the Meteoran Earth Elementalist began the quest for
                  | the Orb.
     0 | D:1      | Reached XP level 1. HP: 14/14 MP: 5/5
   144 | D:4      | Reached XP level 2. HP: 20/20 MP: 5/7
   183 | D:2      | Reached skill level 4 in Earth Magic
   189 | D:1      | Reached XP level 3. HP: 25/26 MP: 4/8
   232 | D:3      | Noticed a howler monkey
   240 | D:3      | Killed a howler monkey
   241 | D:3      | Reached skill level 5 in Earth Magic
   241 | D:3      | Reached XP level 4. HP: 33/33 MP: 6/9
   262 | D:5      | Entered Level 5 of the Dungeon
   271 | D:5      | Reached skill level 6 in Earth Magic
   272 | D:5      | Reached XP level 5. HP: 32/38 MP: 8/10
   283 | D:5      | Learned a level 2 spell: Passwall
   287 | D:5      | Learned a level 3 spell: Stone Arrow
   321 | D:5      | Noticed an ice beast
   327 | D:5      | Killed an ice beast
   328 | D:5      | Reached XP level 6. HP: 45/45 MP: 0/11
   407 | D:4      | Found a staircase to the Ecumenical Temple.
   416 | Temple   | Entered the Ecumenical Temple
   665 | D:8      | Noticed a yak
   665 | D:8      | Noticed a yak
   665 | D:8      | Noticed a yak
   665 | D:8      | Noticed a yak
   665 | D:8      | Noticed a yak
   665 | D:8      | Noticed a yak
   673 | D:7      | Mangled by a yak

Illustrated notes

Levels and vault maps discovered:
D:1:      scummos_arrival_forest, layout_basic
D:2:      layout_basic, minmay_pentomino_t4, uniq_terence
D:3:      layout_basic, nicolae_yredelemnul_corpse_copse, old_standard_altar,
          kennysheep_donut
D:4:      layout_basic, mainiacjoe_overflow_alcove_2, temple_green
D:5:      layout_loops_corners, nicolae_ru_the_path_less_chosen,
          minmay_misc_feat_square, minmay_statues_item, uniq_prince_ribbit1
D:6:      layout_basic, serial_shops, nicolae_shop_stone, uniq_blork_the_orc,
          uniq_grinder
D:7:      layout_cave_pods, lemuel_mausoleum_altar_kikubaaqudgha,
          nicolae_sif_muna_condensation, chequers_serial_rivers_micro_c
D:8:      layout_gridville, the_hattery, uniq_gastronok
Temple:   eino_narrow_crystal_temple

Skill      XL: |  1  2  3  4  5  6 |
---------------+-------------------+-----
Spellcasting   | 3 |  3.0
Earth Magic    | 4 5 6 |  6.9
Conjurations   | 2 3 |  3.1
Dodging        | |  2.4
Stealth        | |  1.4
Transmutations | |  1.2

Action                     |  1- 3 |  4- 6 || total
---------------------------+-------+-------++-------
  Melee: Dagger            |       |     9 ||     9
   Cast: Sandblast         |    14 |    17 ||    31
         Stone Arrow       |       |     8 ||     8
         Passwall          |       |     5 ||     5
    Use: Scroll            |     3 |       ||     3
         Potion            |       |     1 ||     1
 Armour: Robe              |       |     1 ||     1
  Dodge: Dodged            |     3 |    13 ||    16
